 Dungeon Crawl Stone Soup version 0.21.1-1-g345015fe64 (webtiles) character file.

60 Norri the Skirmisher (level 3, -11/36 HPs)
             Began as a Minotaur Gladiator on Mar 15, 2018.
             Mangled by a worm (14 damage)
             ... on level 2 of the Dungeon.
             The game lasted 00:10:06 (1341 turns).

Norri the Skirmisher (Minotaur Gladiator)           Turns: 1341, Time: 00:10:07

Health: -11/36     AC:  4    Str: 18    XL:     3   Next: 80%
Magic:  2/2        EV: 12    Int:  6    God:
Gold:   79         SH:  0    Dex: 11    Spells: 2/2 levels left

rFire    . . .     SeeInvis .   a - +1 long sword
rCold    . . .     Gourm    .   (no shield)
rNeg     . . .     Faith    .   b - +0 leather armour
rPois    .         Spirit   .   c - +0 hat
rElec    .         Reflect  .   (no cloak)
rCorr    .         Harm     .   l - +0 pair of gloves
MR       .....                  (no boots)
Stlth    +.........             (no amulet)
HPRegen  0.12/turn              (no ring)
MPRegen  0.08/turn              (no ring)

@: no status effects
A: retaliatory headbutt, horns 2
a: no special abilities


You were on level 2 of the Dungeon.
You were not hungry.

You visited 1 branch of the dungeon, and saw 2 of its levels.

You collected 79 gold pieces.

Inventory:

Hand Weapons
 a - a +1 long sword (weapon)
Missiles
 d - 3 throwing nets
 k - 20 stones (quivered)
Armour
 b - a +0 leather armour (worn)
 c - a +0 hat (worn)
 l - a +0 pair of gloves (worn)
Scrolls
 g - a scroll of identify
 j - a scroll of enchant weapon
 m - 2 scrolls of remove curse
Potions
 e - a potion of brilliance
 h - a potion of might {unknown}
 i - a potion of resistance {unknown}
 n - a potion of cancellation {unknown}
 o - a potion of berserk rage {unknown}
Comestibles
 f - 6 rations


   Skills:
 + Level 5.1 Fighting
 - Level 3.6 Long Blades
 - Level 2.0 Throwing
 - Level 3.2 Dodging


You had 2 spell levels left.
You didn't know any spells.

Dungeon Overview and Level Annotations

Branches:
Dungeon (2/15)

Altars:
Trog


Innate Abilities, Weirdness & Mutations

You reflexively headbutt those who attack you in melee.
You have a pair of horns on your head.


Message History

You are too injured to fight recklessly!
You are too injured to fight recklessly!
You are too injured to fight recklessly!
You are too injured to fight recklessly!
You are too injured to fight recklessly!
You are too injured to fight recklessly!
You hit the worm. You headbutt the worm.
The worm is moderately wounded.
The worm bites you!
* * * LOW HITPOINT WARNING * * *
You barely miss the worm.
The worm is moderately wounded.
The worm bites you but does no damage.
You hit the worm.
The worm is moderately wounded.
The worm closely misses you. You furiously retaliate!
You headbutt the worm! You hit the worm.
The worm is heavily wounded.
The worm bites you!
You die...

#.# ##### ###..# #.. #.#
#...####..<######..
#.####..........#.......
#.##...##.#####.......##
###.##.####.#####...#...##
#...#.##.......##.###.....
#.#####.........###...##..
###.####....w......#..##...#
#......#...@###....#........
#....###...##y##...#........
#....# #...†###....#........
###### ##.........##........
##########...._..).##..#.####
#...)....##....)).####...#
#.........###.).### #..######
#..........# ########)####...
#.........####...........#...


You could see a moth of wrath and a worm (berserk).

Vanquished Creatures
  4 worms (D:2)
  A dart slug (D:2)
  4 giant cockroaches
  6 goblins
  5 hobgoblins
  4 jackals (D:2)
  3 kobolds (D:2)
  A quokka (D:2)
  4 bats
  5 frilled lizards
  9 rats
46 creatures vanquished.

Notes
Turn   | Place    | Note
-------+----------+-------------------------------------------
     0 | D:1      | Norri the Minotaur Gladiator began the quest for the Orb.
     0 | D:1      | Reached XP level 1. HP: 18/18 MP: 0/0
   136 | D:1      | Reached skill level 3 in Fighting
   414 | D:1      | Reached XP level 2. HP: 26/26 MP: 1/1
   903 | D:2      | Reached skill level 4 in Fighting
  1013 | D:2      | Reached XP level 3. HP: 34/34 MP: 2/2
  1305 | D:2      | Noticed a moth of wrath
  1321 | D:2      | Found a bloodstained altar of Trog.
  1333 | D:2      | Reached skill level 5 in Fighting
  1341 | D:2      | Mangled by a worm

Skill      XL: |  1  2  3 |
---------------+----------+-----
Fighting       | 3 4 5 |  5.1
Long Blades    | |  3.6
Throwing       | |  2.0
Dodging        | |  3.2

Action                   || total
-------------------------++-------
Melee: Long sword        ||    72
       Headbutt          ||    18
Throw: Stone             ||    28
  Use: Scroll            ||     4
  Eat: Chunk             ||     1
Armor: Leather armour    ||    12
       Chain mail        ||    11
Dodge: Dodged            ||    43
       Rpst.: Long sword ||    10
